 Dungeon Crawl Stone Soup version 0.21.1-68-g103a7af (webtiles) character file.

39 Mechabyte the Chiller (level 3, 0/24 HPs)
             Began as a Merfolk Ice Elementalist on Aug 1, 2018.
             Succumbed to an adder's poison
             ... on level 1 of the Dungeon.
             The game lasted 00:17:56 (2660 turns).

Mechabyte the Chiller (Merfolk Ice Elementalist)    Turns: 2660, Time: 00:17:56

Health: 0/24       AC:  2    Str:  9    XL:     3   Next: 47%
Magic:  2/7        EV: 12    Int: 14    God:
Gold:   74         SH:  4    Dex: 14    Spells: 4/7 levels left

rFire    . . .     SeeInvis .   f - -1 dagger (curse)
rCold    . . .     Gourm    .   h - +1 buckler
rNeg     . . .     Faith    .   a - +0 robe
rPois    .         Spirit   .   (no helmet)
rElec    .         Reflect  .   (no cloak)
rCorr    .         Harm     .   (no gloves)
MR       .....                  (no boots)
Stlth    ++........             (no amulet)
HPRegen  0.08/turn              (no ring)
MPRegen  0.10/turn              (no ring)

@: lethally poisoned (0 -> -2)
A: change form in water, swift swim, stealthy swim
a: no special abilities


You were on level 1 of the Dungeon.
You were not hungry.

You visited 1 branch of the dungeon, and saw 2 of its levels.

You collected 74 gold pieces.

Inventory:

Hand Weapons
 d - a +0 dagger
 e - a +0 hunting sling
 f - a cursed -1 dagger (weapon)
 j - a +0 short sword
 l - a +0 mace
Missiles
 g - 30 stones (quivered)
Armour
 a - a +0 robe (worn)
 h - a +1 buckler (worn)
 i - a +0 leather armour
Books
 b - a book of Frost

   Spells                             Type                      Level
   a - Freeze                         Ice                          1
   b - Throw Frost                    Conjuration/Ice              2
   c - Ozocubu's Armour               Charms/Ice                   3
   d - Throw Icicle                   Conjuration/Ice              4
   e - Summon Ice Beast               Ice/Summoning                4
Comestibles
 c - a ration


   Skills:
 + Level 0.1 Fighting
 + Level 0.1 Throwing
 + Level 3.0 Dodging
 + Level 2.2 Stealth
 + Level 2.8 Spellcasting
 + Level 0.7 Conjurations
 + Level 3.9 Ice Magic


You had 4 spell levels left.
You knew the following spells:

 Your Spells              Type           Power        Failure   Level  Hunger
a - Freeze                Ice            ##..         8%          1    #......
b - Throw Frost           Conj/Ice       #.....       22%         2    ###....


Dungeon Overview and Level Annotations

Branches:
Dungeon (2/15)

Altars:


Message History

There is a lethal amount of poison in your body!
There is a lethal amount of poison in your body!
There is a lethal amount of poison in your body!
There is a lethal amount of poison in your body!
There is a lethal amount of poison in your body!
There is a lethal amount of poison in your body!
There is a lethal amount of poison in your body!
There is a lethal amount of poison in your body!
There is a lethal amount of poison in your body!
There is a lethal amount of poison in your body!
There is a lethal amount of poison in your body!
There is a lethal amount of poison in your body!
There is a lethal amount of poison in your body!
There is a lethal amount of poison in your body!
There is a lethal amount of poison in your body!
There is a lethal amount of poison in your body!
There is a lethal amount of poison in your body!
There is a lethal amount of poison in your body!
There is a lethal amount of poison in your body!
You die...

#............#.#.#.##########.
####..............#.#.........##.
...'..............#.#......##.##.
####..............#.#.####.##.##.
#..............#.#.#.......##.
#######'###.......#.#.#....#####.
......#.# #....)....#.#....# ##
#####.#.# #.........#.##.#.#
#.#.# #.....@...#.##.#.#
#####.#.# ######....#.##.#.#
........# #....#....#.# #####'###
#....######.###### .......#
#...........##.... ##.....#
#...#.....####.... #.....#
##.##.....# #.... #.....#
#.##.....# #.... ##.....#
#.##.....####....


There were no monsters in sight!

Vanquished Creatures
  An adder (D:1)
  2 dart slugs (D:1)
  A leopard gecko (D:1)
  A giant cockroach (D:2)
  3 goblins
  4 hobgoblins
  4 kobolds (D:1)
  3 bats (D:1)
  2 frilled lizards (D:1)
  5 rats (D:1)
26 creatures vanquished.

Notes
Turn   | Place    | Note
-------+----------+-------------------------------------------
     0 | D:1      | Mechabyte the Merfolk Ice Elementalist began the quest for the Orb.
     0 | D:1      | Reached XP level 1. HP: 13/13 MP: 3/3
   757 | D:1      | Reached XP level 2. HP: 16/19 MP: 2/5
   761 | D:1      | Learned a level 2 spell: Throw Frost
  1580 | D:1      | Reached XP level 3. HP: 24/24 MP: 1/6
  2656 | D:1      | HP: 1/24 [poisoned by an adder]
  2660 | D:1      | Succumbed to an adder's poison

Skill      XL: |  1  2  3 |
---------------+----------+-----
Dodging        | 3 |  3.0
Fighting       | |  0.1
Throwing       | |  0.1
Stealth        | |  2.2
Spellcasting   | |  2.8
Conjurations   | |  0.7
Ice Magic      | |  3.9

Action                   || total
-------------------------++-------
Melee: Unarmed           ||    10
       Dagger            ||    44
Throw: Stone             ||     8
 Cast: Freeze            ||    26
       Throw Frost       ||     8
  Use: Scroll            ||     5
       Potion            ||     1
 Stab: Sleeping          ||     1
  Eat: Chunk             ||     2
       Ration            ||     2
Armor: Robe              ||    15
Dodge: Dodged            ||    53
Block: Buckler           ||    15
